 Dungeon Crawl Stone Soup version 0.23.2-32-g37ab1d4649 (webtiles) character file.

Game seed: 3620249438966816861

55 H0rd4k the Magician (level 3, 0/19 HPs)
             Began as a Deep Elf Wizard on June 26, 2019.
             Was an Initiate of Sif Muna.
             Succumbed to an adder's poison
             ... on level 2 of the Dungeon.
             The game lasted 00:02:27 (1428 turns).

H0rd4k the Magician (Deep Elf Wizard)               Turns: 1428, Time: 00:02:28

Health: 0/19       AC:  2    Str:  9    XL:     3   Next: 67%
Magic:  12/12      EV: 13    Int: 23    God:    Sif Muna [......]
Gold:   103        SH:  0    Dex: 13    Spells: 8/14 levels left

rFire    x . .     SeeInvis .   (no weapon)
rCold    + . .     Gourm    .   (no shield)
rNeg     . . .     Faith    .   a - +0 robe
rPois    .         Spirit   +   b - +0 hat
rElec    .         Reflect  .   (no cloak)
rCorr    .         Harm     .   (no gloves)
MR       .....                  (no boots)
Stlth    ++........             k - amulet of guardian spirit
HPRegen  0.06/turn              c - ring of ice
MPRegen  0.13/turn              (no ring)

@: mighty, lethally poisoned (0 -> -12)
A: no striking features
a: Renounce Religion


You were on level 2 of the Dungeon.
You worshipped Sif Muna.
Sif Muna was noncommittal.
You were not hungry.

You visited 1 branch of the dungeon, and saw 2 of its levels.

You collected 103 gold pieces.

Inventory:

Missiles
 h - 8 tomahawks of returning (quivered)
Armour
 a - a +0 robe (worn)
 b - a +0 hat (worn)
Jewellery
 c - a ring of ice (left hand)
 k - an amulet of guardian spirit (around neck)
Scrolls
 f - a scroll of fear {unknown}
 l - a scroll of identify {unknown}
 m - 3 scrolls of teleportation {unknown}
Potions
 g - a potion of haste
 i - a potion of cancellation
Comestibles
 d - 5 rations
 o - a chunk of flesh


   Skills:
 + Level 2.5 Dodging
 + Level 2.5 Stealth
 + Level 6.2 Spellcasting
 + Level 1.5 Conjurations
   Level 1.1 Summonings
 + Level 1.1 Translocations


You had 8 spell levels left.
You knew the following spells:

 Your Spells              Type           Power        Failure   Level  Hunger
a - Magic Dart            Conj           ##..         4%          1    None
b - Blink                 Tloc           N/A          8%          2    None
c - Conjure Flame         Conj/Fire      ##......     19%         3    #......

Your spell library contained the following spells:

 Spells                   Type           Power        Failure   Level  Hunger
 Call Imp                 Summ           ##......     8%          2    None
 Slow                     Hex            #.......     13%         2    None
 Mephitic Cloud           Conj/Pois/Air  #.......     21%         3    #......


Dungeon Overview and Level Annotations

Branches:
Dungeon (2/15)

Altars:
Cheibriados
Sif Muna


Message History

You feel sick.
* * * LOW HITPOINT WARNING * * *
You feel sick.
It was a potion of haste.
You feel yourself speed up.
* * * LOW HITPOINT WARNING * * *
You feel sick.
It was a potion of resistance.
You feel protected.
* * * LOW HITPOINT WARNING * * *
You feel sick.
It was a potion of cancellation.
Your magical effects are unravelling.
You feel magically purged.
You feel yourself slow down.
Your resistance to elements expires.
It was a potion of magic.
Magic courses through your body.
* * * LOW HITPOINT WARNING * * *
You feel sick.
It was a potion of might.
You feel very mighty all of a sudden.
You die...

##.##......# #.....######
####'## #### ## #.# ...# .#
#.## ...# .# #..# ...# .#
##.## .).#
.##########..#######...#...
................@..........
.########.....######†......
.# #.....# ....... ##
#.....## ###.... #......#
... #....#.## ## #....#..#
#....##.## #....##..#


There were no monsters in sight!

Vanquished Creatures
  An adder (D:2)
  3 oozes (D:1)
  4 giant cockroaches
  5 goblins
  3 hobgoblins (D:1)
  5 kobolds (D:1)
  5 bats (D:1)
  4 frilled lizards
  2 rats
32 creatures vanquished.

Notes
Turn   | Place    | Note
-------+----------+-------------------------------------------
     0 | D:1      | H0rd4k the Deep Elf Wizard began the quest for the Orb.
     0 | D:1      | Reached XP level 1. HP: 10/10 MP: 7/7
   197 | D:1      | Reached skill level 5 in Spellcasting
   197 | D:1      | Reached XP level 2. HP: 13/15 MP: 0/10
   875 | D:1      | Reached XP level 3. HP: 19/19 MP: 4/12
  1189 | D:2      | Reached skill level 6 in Spellcasting
  1193 | D:2      | Learned a level 2 spell: Blink
  1197 | D:2      | Learned a level 3 spell: Conjure Flame
  1201 | D:2      | Found a snail-covered altar of Cheibriados.
  1327 | D:2      | Found a deep blue altar of Sif Muna.
  1392 | D:2      | Became a worshipper of Sif Muna the Loreminder
  1428 | D:2      | Succumbed to an adder's poison

Skill      XL: |  1  2  3 |
---------------+----------+-----
Spellcasting   | 5 6 |  6.2
Dodging        | |  2.5
Stealth        | |  2.5
Conjurations   | |  1.5
Summonings     | |  1.1
Translocations | |  1.1

Action                   || total
-------------------------++-------
 Cast: Magic Dart        ||    87
  Use: Potion            ||     5
  Eat: Chunk             ||     1
Armor: Robe              ||     1
Dodge: Dodged            ||    15
